 Dungeon Crawl Stone Soup version 0.28.0-43-g3370ac3207 (webtiles) character file.

Game seed: 11012075939665705838

93 Revguard the Ogre Mage (level 4, 0/63 HPs)
             Began as an Ogre Fire Elementalist on Mar 9, 2022.
             Slain by Ijyb
             ... wielding a +0 dagger
              (3 damage)
             ... on level 3 of the Dungeon.
             The game lasted 00:10:16 (3076 turns).

Revguard the Ogre Mage (Ogre Fire Elementalist)     Turns: 3076, Time: 00:10:17

Health: 0/63       AC: 22    Str: 12    XL:     4   Next: 61%
Magic:  0/8        EV:  1    Int: 18    God:
Gold:   71         SH:  0    Dex:  9    Spells: 2/9 levels left

rFire   . . .      SeeInvis .   c - staff of death
rCold   . . .      Faith    .   (no shield)
rNeg    + . .      Spirit   .   (armour currently unavailable)
rPois   +          Reflect  .   (helmet currently unavailable)
rElec   .          Harm     .   (cloak currently unavailable)
rCorr   .          Rampage  .   (gloves unavailable)
Will    .....      NoTele   +   (boots unavailable)
Stlth   +.........              (no amulet)
HPRegen 0.20/turn               (no ring)
MPRegen 0.11/turn               (no ring)

@: tree-form
A: stationary, stasis, torment immunity, boosted hp, large, unfitting armour,
(tough skin 1)
a: no special abilities


You were on level 3 of the Dungeon.
You were a tree.
You visited 1 branch of the dungeon, and saw 3 of its levels.

You collected 71 gold pieces.

Inventory:

Armour
 a - a +0 robe (melded)
Magical Staves
 c - a staff of death (weapon)
 f - a staff of air
Wands
 h - a wand of polymorph (10)
Scrolls
 b - a scroll of blinking {unknown}
 d - 2 scrolls of teleportation
 g - a scroll of enchant weapon {unknown}


   Skills:
 + Level 2.0 Fighting
 + Level 0.8 Staves
 + Level 0.7 Armour
 + Level 2.1 Dodging
 - Level 1.5 Stealth
 + Level 3.0 Spellcasting
 + Level 1.4 Conjurations
 + Level 0.6 Necromancy
 + Level 3.0 Fire Magic
 - Level 0.3 Air Magic


You had 2 spell levels left.
You knew the following spells:

 Your Spells              Type           Power      Damage    Failure   Level
a - Pain                  Necr           28%        1d5       13%         1
b - Scorch                Fire           26%        2d6       7%          2
c - Inner Flame           Hex/Fire       8%         N/A       26%         3
d - Foxfire               Conj/Fire      40%        2x1d6     6%          1

Your spell library contained the following spells:

 Spells                   Type           Power      Damage    Failure   Level
 Conjure Flame            Conj/Fire      10%        6-21      19%         3
 Flame Wave               Conj/Fire      10%        2d5       54%         4
 Agony                    Necr           7%         N/A       98%         5
 Excruciating Wounds      Necr           3%         N/A       98%         5


Dungeon Overview and Level Annotations

Branches:
Dungeon (3/15)

Altars:
Zin

Annotations:
D:3 Ijyb


Innate Abilities, Weirdness & Mutations

You are a tree.
Your roots penetrate the ground, keeping you stationary.
You cannot be teleported.
You are immune to unholy pain and torment.
Your maximum health is greatly increased.
Your equipment is partially melded.
You are too large for most types of armour.
((You have tough skin. (AC +1)))


Message History

Ijyb is severely wounded.
You feel less wooden.
Your +0 robe unmelds from your body.
Ijyb completely misses you.
You hit Ijyb but do no damage.
Ijyb is severely wounded.
Ijyb hits you with a +0 dagger.
* * * LOW HITPOINT WARNING * * *
Ijyb hits you with a +0 dagger.
* * * LOW HITPOINT WARNING * * *
Really quaff the potion of lignification?
You turn into a tree.
Your +0 robe melds into your body.
Your roots penetrate the ground.
Ijyb is no longer more vulnerable to fire.
Ijyb hits you but does no damage.
You hit Ijyb but do no damage.
Ijyb is severely wounded.
Ijyb hits you but does no damage.
You hit Ijyb but do no damage.
Ijyb is severely wounded.
Ijyb hits you but does no damage.
You closely miss Ijyb.
Ijyb is severely wounded.
Ijyb hits you with a +0 dagger.
* * * LOW HITPOINT WARNING * * *
Casting: Scorch (safe; 7% risk of failure)
Confirm with . or Enter, or press ? or * to list all spells.
You conjure some foxfire!
Ijyb screams, "It's all mine!"
Ijyb hits you but does no damage.
You hit Ijyb.
Ijyb is severely wounded.
The foxfire hits Ijyb but does no damage.
Ijyb is severely wounded.
The foxfire hits Ijyb but does no damage.
Ijyb is severely wounded.
Ijyb hits you but does no damage.
You barely miss Ijyb.
Ijyb is severely wounded.
Ijyb hits you with a +0 dagger.
You die...

### ..# #.# ##
#.#########
....###.#.......#
.....).g...#
######♣##.#
#.##.# #..##.#
#.###.# #.# #.#
#.# #.# #.###.###
#.#.....#
##.#.###.#


You could see Ijyb.

Vanquished Creatures
  Terence (D:3)
  An adder (D:2)
  A worm (D:2)
  An orc (D:3)
  8 bats
  5 endoplasms
  A giant cockroach (D:2)
  3 goblins
  5 hobgoblins
  3 jackals (D:1)
  3 kobolds
  2 quokkas (D:1)
  8 ball pythons
  3 frilled lizards
  4 rats
49 creatures vanquished.

Vanquished Creatures (others)
  35 foxfires
  13 plants (D:3)
48 creatures vanquished.

Grand Total: 97 creatures vanquished

Notes
Turn   | Place    | Note
-------+----------+-------------------------------------------
     0 | D:1      | Revguard the Ogre Fire Elementalist began the quest for the
                  | Orb.
     0 | D:1      | Reached XP level 1. HP: 16/16 MP: 3/3
    51 | D:1      | Reached skill level 1 in Conjurations
    57 | D:1      | Reached XP level 2. HP: 6/26 MP: 1/5
   535 | D:1      | Found a faded altar of an unknown god.
   856 | D:1      | Learned a level 2 spell: Scorch
  1197 | D:1      | Reached XP level 3. HP: 32/32 MP: 4/7
  1262 | D:1      | Learned a level 3 spell: Inner Flame
  1302 | D:2      | Reached skill level 1 in Fighting
  1496 | D:2      | Found a glowing silver altar of Zin.
  2341 | D:2      | Reached XP level 4. HP: 41/41 MP: 5/8
  2343 | D:2      | Learned a level 1 spell: Pain
  2584 | D:3      | Noticed Terence
  2604 | D:3      | Killed Terence
  3013 | D:3      | Noticed Ijyb
  3069 | D:3      | HP: 2/42 [Ijyb/+0 dagger (4)]
  3076 | D:3      | Slain by Ijyb

Illustrated notes

Levels and vault maps discovered:
D:1:      kennysheep_arrival_forest, layout_loops_cross,
          shapermc_ecumenical_altar_mp_highgroup, chequers_serial_rivers_large_a
D:2:      layout_loops_ring, basic_altar
D:3:      cheibrodos_old_hovel, layout_loops_ring, uniq_ijyb, uniq_terence,
          uniq_crazy_yiuf_cottage, uniq_sigmund

Skill      XL: |  1  2  3  4 |
---------------+-------------+-----
Conjurations   | 1 |  1.4
Dodging        | 2 |  2.1
Fighting       | 1 2 |  2.0
Spellcasting   | 3 |  3.0
Fire Magic     | 3 |  3.0
Staves         | |  0.8
Armour         | |  0.7
Stealth        | |  1.5
Necromancy     | |  0.6
Air Magic      | |  0.3

Action                   |  1- 3 |  4- 6 || total
-------------------------+-------+-------++-------
Melee: Staff             |    67 |    52 ||   119
       Punch             |       |     1 ||     1
 Cast: Foxfire           |    12 |     7 ||    19
       Scorch            |    25 |    10 ||    35
       Pain              |       |     7 ||     7
  Use: Scroll            |     3 |       ||     3
       Potion            |     1 |     2 ||     3
Armor: Robe              |    37 |     5 ||    42
       Skin              |       |    39 ||    39
Dodge: Dodged            |    51 |    21 ||    72
